 Dungeon Crawl Stone Soup version 0.31-a0-263-ge8cad7f256 (webtiles) character file.

Game seed: 17778857575567065699

367 Dittersdorf the Trooper (level 6, 0/40 HPs)
             Began as a Gargoyle Fighter on July 13, 2023.
             Slain by Ijyb
             ... wielding a +0 club
              (1 damage)
             ... on level 5 of the Dungeon.
             The game lasted 00:04:07 (3596 turns).

Dittersdorf the Trooper (Gargoyle Fighter)          Turns: 3596, Time: 00:04:07

Health: 0/40       AC: 17    Str: 21    XL:     6   Next: 69%
Magic:  6/6        EV:  8    Int:  9    God:
Gold:   231        SH:  4    Dex:  9    Spells: 5/5 levels left

rFire   . . .        a - +0 flail
rCold   . . .        c - +0 buckler
rNeg    + . .        p - +0 chain mail
rPois   ∞            m - +0 helmet
rElec   +            (no cloak)
rCorr   +            t - +0 pair of gloves
SInv    .            i - +0 pair of boots
Will    .....        (no amulet) Stlth
                     s - ring of resist corrosion
HPRegen 0.26/turn    w - ring of flight
MPRegen 0.10/turn

%: no passive effects
@: flying
A: sickness immunity, AC +4, negative energy resistance 1, electricity
resistance, torment resistance 1, petrification resistance
a: no special abilities


You were on level 5 of the Dungeon.
You visited 1 branch of the dungeon, and saw 5 of its levels.

You collected 231 gold pieces.

Inventory:

Hand Weapons
 a - a +0 flail (weapon)
Missiles
 f - 6 poisoned darts (quivered)
Armour
 c - a +0 buckler (worn)
 i - a +0 pair of boots (worn)
 m - a +0 helmet (worn)
 p - a +0 chain mail (worn)
 t - a +0 pair of gloves (worn)
Jewellery
 s - a ring of resist corrosion (left hand)
 w - a ring of flight (right hand)
Scrolls
 e - 2 scrolls of fog
 g - 2 scrolls of teleportation
Potions
 b - a potion of haste {unknown}
 d - 4 potions of might
 h - a potion of lignification {unknown}
 l - a potion of heal wounds {unknown}
 n - a potion of invisibility
 q - 2 potions of resistance
 r - a potion of mutation {unknown}
 u - a potion of brilliance
 v - a potion of berserk rage
 x - 2 potions of curing {unknown}


   Skills:
 + Level 4.9 Fighting
 + Level 3.7 Maces & Flails
 + Level 4.8 Armour
 + Level 4.9 Shields


You had 5 spell levels left.
You didn't know any spells.
Your spell library contained the following spells:

 Spells                   Type           Power      Damage    Failure   Level
 Slow                     Hex            0%         N/A       97%         1
 Confusing Touch          Hex            0%         N/A       100%        3
 Vampiric Draining        Necr           0%         2d6       100%        3


Dungeon Overview and Level Annotations

Branches:
Dungeon (5/15)
 Temple: D:4-7

Altars:
Ashenzari
Makhleb

Annotations:
D:2 1 runed translucent door, Crazy Yiuf
D:5 Ijyb


Innate Abilities, Weirdness & Mutations

You are immune to sickness and miasma.
Your stone body is resilient. (AC +4)
You are immune to poison.
You resist negative energy. (rN+)
You are resistant to electric shocks. (rElec)
You are resistant to unholy torment.
You are immune to petrification.


Message History

You kill the ufetubus!
Ijyb closely misses you.
You closely miss Ijyb. Ijyb closely misses you. You block Ijyb's attack.
You barely miss Ijyb. Ijyb closely misses you.
You hit Ijyb but do no damage. Ijyb barely misses you.
You hit Ijyb but do no damage. Ijyb hits you with a +0 club.
You barely miss Ijyb. Ijyb hits you with a +0 club. Ijyb completely misses you.
You closely miss Ijyb. Ijyb hits you with a +0 club.
You hit Ijyb but do no damage.
Ijyb zaps a wand.
Your mind is blasted!
You closely miss Ijyb. Ijyb hits you but does no damage. x2
You barely miss Ijyb.
Ijyb zaps a wand.
Your mind is blasted!
* * * LOW HITPOINT WARNING * * *
Throw: 9 darts (poison)
Press: ? - help, Q - select action Shift-Dir - straight line, f - Ijyb
Aim: Ijyb, wielding a +0 club, wearing a +0 leather armour and carrying a wand of mindburst (47% to hit)
You throw a poisoned dart. The poisoned dart hits Ijyb.
Ijyb barely misses you.
Throw: 8 darts (poison)
Press: ? - help, Q - select action Shift-Dir - straight line, f/p - Ijyb
Aim: Ijyb, wielding a +0 club, wearing a +0 leather armour and carrying a wand of mindburst (47% to hit)
You throw a poisoned dart. The poisoned dart closely misses Ijyb.
Ijyb hits you but does no damage.
Throw: 7 darts (poison)
Press: ? - help, Q - select action Shift-Dir - straight line, f/p - Ijyb
Aim: Ijyb, wielding a +0 club, wearing a +0 leather armour and carrying a wand of mindburst (47% to hit)
You throw a poisoned dart. The poisoned dart hits Ijyb.
Ijyb is poisoned.
Ijyb hits you but does no damage.
You hit Ijyb.
Ijyb is moderately wounded.
Ijyb hits you but does no damage.
You hit Ijyb.
Ijyb is moderately wounded.
Ijyb hits you but does no damage. Ijyb screams, "I no like you!"
Ijyb zaps a wand.
Your mind is blasted!
* * * LOW HITPOINT WARNING * * *
You completely miss Ijyb.
Ijyb is heavily wounded.
Ijyb hits you with a +0 club.
You die...

## ### #. # #
#...##.#### .###.
....#.....###### #...#
...............#####..#
.............#.......#
..............##.....##
(.....g@..............#
#.....................##
##.....................#
##.....................
##....................
##...............###.
#.............### ##
##...........# ....


You could see Ijyb (poisoned).

Vanquished Creatures
  A scorpion (D:4)
  A hound (D:4)
  A jelly (D:4)
  2 orc wizards
  Robin (D:2)
  8 adders
  An ufetubus (D:5)
  2 dart slugs
  18 orcs
  5 ball pythons
  6 endoplasms
  2 giant cockroaches
  7 goblins
  9 hobgoblins
  7 jackals (D:2)
  A quokka (D:4)
  2 bats (D:2)
  3 frilled lizards
  5 kobolds
  5 rats
87 creatures vanquished.

Notes
Turn   | Place    | Note
-------+----------+-------------------------------------------
     0 | D:1      | Dittersdorf the Gargoyle Fighter began the quest for the
                  | Orb.
     0 | D:1      | Reached XP level 1. HP: 14/14 MP: 1/1
   824 | D:2      | Reached XP level 2. HP: 16/19 MP: 2/2
   986 | D:2      | Reached XP level 3. HP: 14/24 MP: 3/3
  1019 | D:2      | Noticed Robin
  1040 | D:2      | Killed Robin
  1329 | D:2      | Found a runed translucent door.
  1330 | D:2      | Noticed Crazy Yiuf
  1332 | D:2      | You fall into a shaft and drop 2 floors!
  1350 | D:4      | Reached XP level 4. HP: 17/29 MP: 4/4
  1500 | D:4      | Found a burning altar of Makhleb.
  1579 | D:4      | Reached XP level 5. HP: 19/33 MP: 5/5
  1873 | D:3      | Found a broken altar of Ashenzari.
  2253 | D:3      | Reached XP level 6. HP: 36/39 MP: 6/6
  3529 | D:5      | Entered Level 5 of the Dungeon
  3571 | D:5      | Noticed Ijyb
  3590 | D:5      | HP: 1/40 [disintegration (16)]
  3595 | D:5      | HP: 1/40 [disintegration (2)]
  3596 | D:5      | Slain by Ijyb

Illustrated notes

Levels and vault maps discovered:
D:1:      eino_arrival_tree_alley, layout_basic
D:2:      cheibrodos_greedy_goblins, layout_loops_ring, minmay_surrounded,
          uniq_crazy_yiuf_cottage, uniq_robin, uniq_natasha
D:3:      layout_basic, evilmike_ruin_ashenzari, minmay_door_square,
          kennysheep_generic_room_8
D:4:      layout_basic, amcnicky_altar_gilded
D:5:      layout_layer_cave, mainiacjoe_overflow_boulevard,
          minmay_temple_entry_mini_moons, uniq_edmund, uniq_ijyb

Skill      XL: |  1  2  3  4 |
---------------+-------------+-----
Fighting       | 4 |  4.9
Armour         | 4 |  4.8
Shields        | 4 |  4.9
Maces & Flails | 3 |  3.7

Action                     |  1- 3 |  4- 6 || total
---------------------------+-------+-------++-------
  Melee: Flail             |   116 |   271 ||   387
  Throw: Dart              |       |     3 ||     3
    Use: Scroll            |       |    10 ||    10
 Armour: Scale mail        |    61 |       ||    61
         Chain mail        |    50 |   217 ||   267
  Dodge: Dodged            |    84 |   117 ||   201
  Block: Buckler           |    42 |    67 ||   109

Table legend: (Time is in decaauts)
 A = Elapsed time spent in this place.
 B = Non-inter-level travel time spent in this place.
 C = Inter-level travel time spent in this place.
 D = Time resting spent in this place.
 E = Time spent auto-exploring this place.
 F = Levels seen in this place.
 G = Mean time per level.
                   A        B        C        D        E       F      G
               +--------+--------+--------+--------+--------+-----+--------+
         Total |   3703 |   3633 |     70 |    276 |   2544 |   5 |  740.6 |
       Dungeon |   3703 |   3633 |     70 |    276 |   2544 |   5 |  740.6 |
               +--------+--------+--------+--------+--------+-----+--------+

Top non-repeatable levels by time:
     D:4: 1196 daAuts
     D:3: 1071 daAuts
     D:1: 812 daAuts
     D:2: 552 daAuts
     D:5: 71 daAuts
